 Dungeon Crawl Stone Soup version 0.27-a0-931-g5a74e75d8f (webtiles) character file.

Game seed: 7865598207741496434

5677 mhtbhm the Cruncher (level 10, -5/57 HPs)
             Began as a Gargoyle Earth Elementalist on Apr 10, 2021.
             Was a Believer of Elyvilon.
             Slain by Urug
             ... wielding a +5 double sword
              (29 damage)
             ... on level 10 of the Dungeon.
             The game lasted 00:22:26 (16150 turns).

mhtbhm the Cruncher (Gargoyle Earth Elementalist)  Turns: 16150, Time: 00:22:27

Health: -5/57      AC: 15    Str: 12    XL:     10   Next: 75%
Magic:  20/20      EV: 13    Int: 19    God:    Elyvilon [**....]
Gold:   461        SH:  0    Dex: 10    Spells: 8/23 levels left

rFire    . . .     SeeInvis .   a - +0 quarterstaff
rCold    . . .     Faith    +   (shield currently unavailable)
rNeg     + . .     Spirit   .   c - +0 robe
rPois    ∞         Reflect  .   o - +0 helmet
rElec    +         Harm     .   (no cloak)
rCorr    .         Rampage  .   e - +0 pair of gloves
Will     +....                  (no boots)
Stlth    ++........             C - amulet of faith
HPRegen  0.19/turn              d - ring of willpower
MPRegen  0.17/turn              I - +4 ring of protection

@: no status effects
A: AC +7, negative energy resistance 1, electricity resistance, torment
resistance 1, unbreathing 1, petrification resistance
a: Renounce Religion, Lesser Healing, Heal Other, Divine Protection


You were on level 10 of the Dungeon.
You worshipped Elyvilon.
Elyvilon was pleased with you.
You visited 2 branches of the dungeon, and saw 11 of its levels.
You also visited: Sewer.

You collected 500 gold pieces.
You spent 39 gold pieces at shops.

Inventory:

Hand Weapons
 a - a +0 quarterstaff (weapon)
Missiles
 b - 103 stones (quivered)
 s - 44 poisoned darts
 B - a throwing net
Armour
 c - a +0 robe (worn)
 e - a +0 pair of gloves (worn)
 o - a +0 helmet (worn)
 E - a +0 cloak of willpower
Jewellery
 d - a ring of willpower (left hand)
 m - a ring of flight
 p - a ring of protection from cold
 C - an amulet of faith (around neck)
 I - a +4 ring of protection (right hand)
Wands
 y - a wand of flame (16)
 D - a wand of digging (6)
 J - a wand of charming (7)
 L - a wand of mindburst (22)
Scrolls
 f - 3 scrolls of vulnerability
 g - 3 scrolls of blinking
 h - a scroll of teleportation
 i - 3 scrolls of enchant armour
 k - 3 scrolls of immolation
 u - a scroll of amnesia
 w - a scroll of enchant weapon {unknown}
 G - a scroll of fog {unknown}
 H - a scroll of silence {unknown}
 K - a scroll of noise {unknown}
Potions
 j - a potion of heal wounds
 l - 2 potions of berserk rage
 n - 8 potions of curing
 q - 4 potions of might
 t - 2 potions of brilliance
 v - 3 potions of cancellation {unknown}
 x - 3 potions of haste {unknown}
 z - a potion of degeneration {unknown}
 A - 2 potions of resistance
 F - a potion of flight {unknown}


   Skills:
 + Level 4.3 Fighting
 - Level 1.6(6.1) Maces & Flails
 * Level 9.4 Staves
 + Level 1.1 Throwing
 + Level 4.2 Dodging
 - Level 2.3 Stealth
 + Level 7.1 Spellcasting
 + Level 2.0 Conjurations
 + Level 1.0 Transmutations
 + Level 9.1 Earth Magic
 + Level 0.9 Evocations


You had 8 spell levels left.
You knew the following spells:

 Your Spells              Type           Power      Damage    Failure   Level
a - Sandblast             Erth           82%        2d17      1%          1
b - Passwall              Tmut/Erth      21%        N/A       1%          2
c - Stone Arrow           Conj/Erth      56%        3d10      3%          3
d - Lee's Rapid Deconstr  Erth           20%        3d13*     6%          5
e - Petrify               Tmut/Erth      26%        N/A       12%         4

Your spell library contained the following spells:

 Spells                   Type           Power      Damage    Failure   Level
 Animate Skeleton         Necr           12%        N/A       10%         1
 Apportation              Tloc           12%        N/A       10%         1
 Corona                   Hex            6%         N/A       10%         1
 Pain                     Necr           24%        1d5       10%         1
 Ensorcelled Hibernation  Hex/Ice        12%        N/A       16%         2
 Dazzling Flash           Conj/Hex       20%        N/A       21%         3
 Confusing Touch          Hex            6%         N/A       30%         3
 Gell's Gravitas          Tloc           3%         N/A       30%         3
 Lesser Beckoning         Tloc           3%         N/A       30%         3
 Tukima's Dance           Hex            6%         N/A       30%         3
 Vampiric Draining        Necr           3%         2d6       30%         3
 Animate Dead             Necr           3%         N/A       69%         4
 Irradiate                Conj/Tmut      6%         3d15      82%         5
 Alistair's Intoxication  Tmut/Pois      5%         N/A       92%         5
 Yara's Violent Unravell  Hex/Tmut       4%         3d4       92%         5
 Agony                    Necr           6%         N/A       95%         5
 Metabolic Englaciation   Hex/Ice        3%         N/A       95%         5
 Blade Hands              Tmut           5%         N/A       100%        6
 Invisibility             Hex            6%         N/A       100%        6
 Dragon Form              Tmut           5%         N/A       100%        7
 Statue Form              Tmut/Erth      Unusable   N/A       N/A         6

Dungeon Overview and Level Annotations

Branches:
Dungeon (10/15)            Temple (1/1) D:5            Lair (0/6) D:8
  Sewer (visited)
    Orc: D:9-12

Altars:
Ashenzari
Cheibriados
Dithmenos
Elyvilon
Fedhas
Gozag
Hepliaklqana
Kikubaaqudgha
Makhleb
Nemelex Xobeh
Okawaru
Qazlal
Ru
Sif Muna
Trog
Uskayaw
Vehumet
Wu Jian
Xom
Yredelemnul
Zin
The Shining One

Shops:
D:2 *

Annotations:
D:10 Urug


Innate Abilities, Weirdness & Mutations

Your stone body is resilient. (AC +7)
You are immune to poison.
You resist negative energy. (rN+)
You are resistant to electric shocks. (rElec)
You are resistant to unholy torment.
You can survive without breathing.
You are immune to petrification.


Message History

You finish putting on your amulet of faith.
You feel a surge of divine interest.
C - an amulet of faith (around neck) Unknown command.
Found a shimmering altar of Xom.
Urug the Orcish Ballista comes into view.
She is wielding a +5 double sword.
Urug is nearby!
Urug is nearby!
Urug throws a javelin.
The javelin barely misses you. Urug hits you with a +5 double sword!!
Unknown command.
Casting: Sandblast (safe; 1% risk of failure)
Confirm with . or Enter, or press ? or * to list all spells.
Aiming: Petrify (dangerous; 12% risk of failure)
Press: ? - help, Shift-Dir - straight line, f - Urug
Aim: Urug, wielding a +5 double sword, wearing a +0 scale mail and quivering javelins (chance to affect: 37%)
Okay, then.
Throw: dart (curare)
Press: ? - help, Q - select action, (/) - cycle Shift-Dir - straight line, f - Urug
Aim: Urug, wielding a +5 double sword, wearing a +0 scale mail and quivering javelins (50% to hit)
You throw a curare-tipped dart.
The curare-tipped dart barely misses Urug.
Urug hits you with a +5 double sword!!
* * * LOW HITPOINT WARNING * * *
Unknown command.
You feel much better. Urug hits you with a +5 double sword!!
* * * LOW HITPOINT WARNING * * *
Unknown command.
You feel much better. Urug hits you with a +5 double sword!
Unknown command.
You feel better. Urug misses you.
Unknown command.
Okay, then.
Okay, then.
Aiming: Mindburst
Press: ? - help, Shift-Dir - straight line, f/p - Urug
Aim: Urug, wielding a +5 double sword, wearing a +0 scale mail and quivering javelins (chance to affect: 52%) Urug's mind is blasted!
Urug hits you with a +5 double sword!!
Ouch! That really hurt!
You die...

...# ### #..#
#.# .. #..#
#.#.......#..#
#.#.......#..#
#.#..._...^..#
#.#.......#.o#
#.#.......#@.#
#.# ..... #..#
#.####^####..#
#............#
##...........#
#############


You could see Urug.

Vanquished Creatures
  Maurice (D:10)
  Maggie (D:8)
  Psyche (D:8)
  Grinder (D:3)
  A wraith (D:10)
  A steam dragon (D:9)
  A water moccasin (D:7)
  2 ice beasts
  8 orc warriors
  2 sky beasts
  3 black bears
  A necrophage (D:5)
  2 ogres (D:5)
  A kobold brigand (Sewer)
  7 bullfrogs
  A gnoll sergeant (D:7)
  2 scorpions
  9 killer bees
  7 wights (D:7)
  3 jellies
  2 bullfrog zombies (D:6)
  3 centaur zombies
  6 hounds
  A bullfrog skeleton (D:5)
  2 orc priests
  2 gnoll shamans
  Jessica (D:2)
  An iguana (D:6)
  A scorpion zombie (D:5)
  Natasha (twice) (D:2)
  4 orc wizards
  Robin (D:2)
  12 gnolls
  7 adders
  5 river rats (Sewer)
  2 shadow imps
  2 adder skeletons (D:4)
  A worm (D:2)
  3 dart slugs
  27 orcs
  9 bats
  6 endoplasms
  5 giant cockroaches
  10 goblins
  11 hobgoblins
  6 jackals
  6 quokkas
  12 ball pythons
  A frilled lizard (D:1)
  20 kobolds
  26 rats
252 creatures vanquished.

Vanquished Creatures (others)
  3 fungi (D:8)
  57 plants
60 creatures vanquished.

Grand Total: 312 creatures vanquished

Notes
Turn   | Place    | Note
-------+----------+-------------------------------------------
     0 | D:1      | mhtbhm the Gargoyle Earth Elementalist began the quest for
                  | the Orb.
     0 | D:1      | Reached XP level 1. HP: 10/10 MP: 3/3
   135 | D:1      | Found a faded altar of an unknown god.
   144 | D:1      | Reached XP level 2. HP: 15/15 MP: 1/5
   303 | D:1      | Learned a level 2 spell: Passwall
   826 | D:1      | Reached XP level 3. HP: 12/19 MP: 6/6
   941 | D:1      | Learned a level 3 spell: Stone Arrow
  1314 | D:2      | Found Wyffoc's General Store.
  1326 | D:2      | Noticed Jessica
  1344 | D:2      | Killed Jessica
  1345 | D:2      | Reached XP level 4. HP: 16/24 MP: 0/8
  1445 | D:2      | Bought a scroll of teleportation for 39 gold pieces
  1496 | D:2      | Reached skill level 1 in Maces & Flails
  1878 | D:2      | Noticed Natasha
  1882 | D:2      | Killed Natasha
  2057 | D:2      | Noticed Natasha
  2067 | D:2      | Killed Natasha
  2068 | D:2      | Reached XP level 5. HP: 11/28 MP: 1/9
  2252 | D:2      | Noticed Robin
  2269 | D:2      | Killed Robin
  2270 | D:2      | Reached skill level 5 in Earth Magic
  3039 | D:3      | Reached skill level 1 in Fighting
  3098 | D:3      | Noticed Grinder
  3104 | D:3      | Paralysed by Grinder for 7 turns
  3311 | D:3      | Reached skill level 1 in Staves
  3311 | D:3      | Reached XP level 6. HP: 16/34 MP: 6/11
  3336 | D:3      | Learned a level 5 spell: Lee's Rapid Deconstruction
  4104 | D:3      | Killed Grinder
  4105 | D:3      | Reached XP level 7. HP: 36/38 MP: 1/13
  4657 | D:4      | Found a glowing drain.
  4661 | Sewer    | Entered a sewer
  6061 | D:4      | Found a sparkling altar of Nemelex Xobeh.
  6910 | D:5      | Entered Level 5 of the Dungeon
  6953 | D:5      | Reached XP level 8. HP: 44/44 MP: 14/14
  7120 | D:5      | Reached skill level 5 in Staves
  7596 | D:5      | Found a staircase to the Ecumenical Temple.
  7845 | D:5      | Found a burning altar of Makhleb.
  7910 | Temple   | Entered the Ecumenical Temple
  8408 | D:6      | Reached XP level 9. HP: 18/50 MP: 1/16
  8793 | D:5      | Reached skill level 1 in Throwing
  8793 | D:5      | Reached skill level 5 in Spellcasting
  9777 | D:6      | Found a white marble altar of Elyvilon.
  9795 | D:6      | Became a worshipper of Elyvilon the Healer
 10364 | D:6      | Found an ancient bone altar of Kikubaaqudgha.
 10437 | D:6      | Found a basalt altar of Yredelemnul.
 12189 | D:7      | Reached * piety under Elyvilon
 12206 | D:7      | Reached skill level 1 in Conjurations
 12206 | D:7      | Reached XP level 10. HP: 56/56 MP: 6/19
 12392 | D:7      | Learned a level 4 spell: Petrify
 12706 | D:8      | Noticed Maggie
 12731 | D:8      | Killed Maggie
 12826 | D:8      | HP: 1/56 [gnoll/+0 flail (8)]
 13093 | D:8      | Found a glowing silver altar of Zin.
 13095 | D:8      | Found a radiant altar of Vehumet.
 13119 | D:8      | Reached skill level 1 in Transmutations
 13926 | D:8      | Found a staircase to the Lair.
 14394 | D:8      | Noticed Psyche
 14404 | D:8      | Killed Psyche
 14419 | D:8      | Reached ** piety under Elyvilon
 15793 | D:9      | You fall into a shaft and drop 1 floor!
 15793 | D:10     | Entered Level 10 of the Dungeon
 15807 | D:10     | Noticed Maurice
 15839 | D:10     | Killed Maurice
 16137 | D:10     | Found a shimmering altar of Xom.
 16142 | D:10     | Noticed Urug
 16150 | D:10     | Slain by Urug

Illustrated notes

Levels and vault maps discovered:
D:1:      tarquinn_simple_flora_water_c, layout_basic,
          ebering_ecumenical_altar_rust, minivault_24
D:2:      layout_loops_ring, serial_shops, shop, uniq_natasha, uniq_jessica,
          uniq_robin
D:3:      layout_loops_corners, uniq_grinder
D:4:      layout_loops_cross, kennysheep_mini, gup_sewer_entry_bowl,
          serial_bayou_crossing
D:5:      layout_cave_pools, lightli_temple_of_fire,
          minmay_temple_entry_statues_fountains
D:6:      layout_loops_ring, kennysheep_ying_yang, lemuel_crystal_altar
D:7:      layout_basic, uniq_joseph
D:8:      layout_basic, chequers_temple_overflow_statue_of_worship,
          grunt_lair_entry_orc_guard_hut, uniq_psyche, uniq_maggie
D:9:      layout_basic
D:10:     layout_rooms, lemuel_tele_altar, serial_bayou, serial_bayou_lagoon_a,
          serial_bayou_lagoon_b, serial_bayou_shore_b, serial_bayou_ford_a,
          serial_shops, shop, uniq_maurice, uniq_harold, uniq_urug, uniq_fannar
Temple:   eino_temple_water

Skill      XL: |  1  2  3  4  5  6  7  8  9 10 |
---------------+-------------------------------+-----
Earth Magic    | 4 5 6 8 9 |  9.1
Maces & Flails | 1 |  1.6
Spellcasting   | 3 4 6 7 |  7.1
Dodging        | 2 3 4 |  4.2
Fighting       | 1 2 3 4 |  4.3
Staves         | 1 2 4 6 8 9 |  9.4
Throwing       | 1 |  1.1
Conjurations   | 1 2 |  2.0
Transmutations | 1 |  1.0
Stealth        | |  2.3
Evocations     | |  0.9

Action                   |  1- 3 |  4- 6 |  7- 9 | 10-12 || total
-------------------------+-------+-------+-------+-------++-------
Melee: Whip              |    72 |    30 |       |       ||   102
       Quarterstaff      |       |    90 |   440 |   118 ||   648
Throw: Dart              |       |       |    20 |     4 ||    24
 Cast: Sandblast         |    31 |    47 |    78 |    21 ||   177
       Lee's Rapid Decon |       |       |    14 |    16 ||    30
       Stone Arrow       |       |       |    10 |     3 ||    13
       Petrify           |       |       |       |     4 ||     4
Evoke: Wand              |       |       |     4 |    14 ||    18
  Use: Potion            |     1 |       |     1 |     4 ||     6
       Scroll            |       |     5 |     5 |     3 ||    13
 Stab: Sleeping          |     1 |     4 |     4 |       ||     9
       Petrified         |       |       |       |    13 ||    13
Armor: Robe              |    32 |    65 |   215 |    68 ||   380
Dodge: Dodged            |    62 |   109 |   318 |   105 ||   594

Table legend: (Time is in decaauts)
 A = Elapsed time spent in this place.
 B = Non-inter-level travel time spent in this place.
 C = Inter-level travel time spent in this place.
 D = Time resting spent in this place.
 E = Time spent auto-exploring this place.
 F = Levels seen in this place.
 G = Mean time per level.
                   A        B        C        D        E       F      G
               +--------+--------+--------+--------+--------+-----+--------+
         Total |  16204 |  16076 |    128 |   6029 |   7179 |  12 | 1350.3 |
       Dungeon |  14793 |  14665 |    128 |   5796 |   6433 |  10 | 1479.3 |
        Temple |    248 |    248 |      0 |      0 |    177 |   1 |  248.0 |
         Sewer |   1162 |   1162 |      0 |    233 |    569 |   1 | 1162.0 |
               +--------+--------+--------+--------+--------+-----+--------+

Top non-repeatable levels by time:
     D:7: 2182 daAuts
     D:8: 2118 daAuts
     D:3: 1742 daAuts
     D:5: 1716 daAuts
     D:2: 1693 daAuts
     D:6: 1638 daAuts
     D:4: 1300 daAuts
   Sewer: 1162 daAuts
     D:1: 1085 daAuts
     D:9: 952 daAuts
    D:10: 364 daAuts
  Temple: 248 daAuts
